 Dungeon Crawl Stone Soup version 0.32-a0-953-g508020473e (webtiles) character file.

Game seed: 10475764549844418304

98254 Autsider the Warrior (level 15, -11/90 HPs)
             Began as a Vine Stalker Warper on Apr 16, 2024.
             Was the Champion of Jiyva.
             Incinerated by a deep elf pyromancer (13 damage)
             ... with a pyre arrow
             ... on level 14 of the Dungeon.
             The game lasted 01:05:06 (17855 turns).

Autsider the Warrior (Vine Stalker Warper)         Turns: 17855, Time: 01:05:08

Health: -11/90     AC: 16    Str: 16    XL:     15   Next: 49%
Magic:  0/28       EV: 16    Int: 13    God:    Jiyva [******]
Gold:   2463       SH:  0    Dex: 19    Spells: 16/30 levels left

rFire   . . .        X - +13 sword of the Doom Knight {doom -Cast ^Drain Will+}
rCold   + . .        (shield currently unavailable)
rNeg    . . .        P - +3 steam dragon scales
rPois   +            (helmet restricted)
rElec   +            k - +0 cloak {rCorr}
rCorr   +            B - +0 pair of gloves
SInv    .            (no boots)
Will    ++...        (no amulet)
Stlth   ++           p - +4 ring of protection
HPRegen 2.75/turn    n - ring "Namut" {Wiz Fly rElec rPois}
MPRegen 1.01/turn

%: no spellcasting, guardian spirit, wizardry (x1)
@: on fire, marked, flying, glowing
A: fangs 3, regeneration 1, magic shield, antimagic bite, no potion heal 2,
horns 2, cold resistance 1, sense surroundings 1, wild magic 3, gelatinous body
2, translucent skin 1, jelly sensing items
}: 1/15 runes: slimy
a: Renounce Religion, Oozemancy, Slimify


You were on level 14 of the Dungeon.
You worshipped Jiyva.
Jiyva was exalted by your worship.
You visited 4 branches of the dungeon, and saw 25 of its levels.
You also visited: Bailey, Gauntlet and Volcano.

You collected 2463 gold pieces.

Inventory:

Hand Weapons
 r - the +9 dagger of Autsider's Terror {freeze, *Corrode rC+++ Int+3 Stlth+}
   (You took it off an orc on level 3 of the Dungeon)

   Int+3:     It affects your intelligence (+3).
   rC+++:     It renders you almost immune to cold.
   *Corrode:  It may corrode you when you take damage.
   Stlth+:    It makes you more stealthy.
 S - a +0 quick blade of venom
 T - the +7 rapier of the Unspeakable One {freeze, rC+ Str+4}
   (You found it on level 5 of the Lair of Beasts)

   Str+4:     It affects your strength (+4).
   rC+:       It protects you from cold.
 X - the +13 sword of the Doom Knight (weapon) {doom -Cast ^Drain Will+}
   (You found it on level 5 of the Pits of Slime)

   Will+:     It increases your willpower.
   -Cast:     It prevents spellcasting.
   ^Drain:    It drains your maximum health when unequipped.
Missiles
 b - 43 poisoned darts
 d - 7 darts of dispersal (quivered)
 t - 7 atropa-tipped darts
 C - 4 datura-tipped darts
 N - 7 curare-tipped darts
Armour
 a - the +0 robe of Eternal Vigilance {-Cast +Inv rF- Dex+6}
   (You found it on level 4 of the Dungeon)

   Dex+6:     It affects your dexterity (+6).
   rF-:       It makes you vulnerable to fire.
   +Inv:      It lets you turn invisible.
   -Cast:     It prevents spellcasting.
 k - a +0 cloak of preservation (worn)
 z - a +1 crystal plate armour
 B - a +0 pair of gloves (worn)
 G - the +2 leather armour of Syahoz {+Inv Str+4 Int-4 Dex+2}
   (You found it in a Gauntlet)

   Str+4:     It affects your strength (+4).
   Int-4:     It affects your intelligence (-4).
   Dex+2:     It affects your dexterity (+2).
   +Inv:      It lets you turn invisible.
 P - +3 steam dragon scales (worn)
 Z - the +3 leather armour of Letonied {rF+}
   (You found it on level 5 of the Pits of Slime)

   rF+:       It protects you from fire.
Jewellery
 n - the ring "Namut" (right hand) {Wiz Fly rElec rPois}
   (You found it in a Gauntlet)

   [ring of wizardry]

   Wiz:       It improves your spell success rate.
   rElec:     It insulates you from electricity.
   rPois:     It protects you from poison.
   Fly:       It grants you flight.
 p - a +4 ring of protection (left hand)
 v - a +6 ring of intelligence
 A - a +5 ring of evasion
 E - a ring of see invisible
 K - a ring of protection from fire
 W - the ring of Eternity {*Slow Fly rN+ Dex+4}
   (You found it on level 5 of the Pits of Slime)

   [ring of flight]

   Dex+4:     It affects your dexterity (+4).
   rN+:       It protects you from negative energy.
   Fly:       It grants you flight.
   *Slow:     It may slow you when you take damage.
 Y - the ring of Untruth {+Blink rPois rC+}
   (You found it on level 5 of the Pits of Slime)

   [ring of protection from cold]

   rC+:       It protects you from cold.
   rPois:     It protects you from poison.
   +Blink:    It lets you blink.
Wands
 s - a wand of paralysis (22)
 D - a wand of flame (44)
 F - a wand of light (12)
 Q - a wand of iceblast (6)
Scrolls
 c - a scroll of blinking
 h - 3 scrolls of amnesia
 i - 2 scrolls of fog
 q - 3 scrolls of teleportation {@r2}
 y - 2 scrolls of vulnerability
 R - 3 scrolls of fear
Potions
 e - a potion of lignification {unknown}
 g - 8 potions of curing {@q1}
 j - 5 potions of heal wounds {unknown}
 l - 2 potions of mutation {unknown}
 m - a potion of attraction {unknown}
 o - 4 potions of berserk rage
 u - 4 potions of enlightenment {unknown}
 w - 6 potions of might
 x - 2 potions of haste {unknown}
 H - a potion of degeneration {unknown}
 J - 2 potions of magic {unknown}
 L - a potion of brilliance {unknown}
 O - a potion of invisibility {unknown}
Miscellaneous
 f - a Gell's gravitambourine (2/2)
 U - a phantom mirror


   Skills:
 - Level 15.0 Fighting
 - Level 13.5(13.8) Short Blades
 + Level 4.4(9.8) Long Blades
 - Level 0.8 Throwing
 + Level 2.4 Armour
 - Level 5.0 Dodging
 - Level 5.0 Stealth
 - Level 8.0 Spellcasting
 + Level 2.6 Necromancy
 - Level 10.0 Translocations
 - Level 4.0 Air Magic
 + Level 4.4 Evocations


You had 16 spell levels left.
You knew the following spells:

 Your Spells              Type           Power      Damage    Failure   Level
a - Vhi's Electric Charg  Tloc/Air       88%        N/A       10%         4
b - Fugue of the Fallen   Necr           23%        N/A       16%         3
c - Lesser Beckoning      Tloc           100%       N/A       1%          2
u - Swiftness             Air            29%        N/A       10%         3
z - Blink                 Tloc           100%       N/A       1%          2

Your spell library contained the following spells:

 Spells                   Type           Power      Damage    Failure   Level
 Maxwell's Portable Pile  Tloc           56%        2d(10-30) 2%          3
 Teleport Other           Tloc           56%        N/A       2%          3
 Sublimation of Blood     Necr           23%        N/A       9%          2
 Kiss of Death            Conj/Necr      64%        2d10      10%         1
 Mercury Vapours          Alch/Air       38%        N/A       11%         2
 Freeze                   Ice            36%        1d5       16%         1
 Slow                     Hex            36%        N/A       16%         1
 Sting                    Conj/Alch      36%        1d5       16%         1
 Vampiric Draining        Necr           23%        2d7       16%         3
 Dimensional Bullseye     Hex/Tloc       17%        N/A       17%         4
 Ensorcelled Hibernation  Hex/Ice        18%        N/A       21%         2
 Jinxbite                 Hex            18%        N/A       21%         2
 Mephitic Cloud           Conj/Alch/Air  16%        N/A       22%         3
 Dispersal                Tloc           28%        N/A       30%         6
 Gell's Gavotte           Tloc           28%        2d(24-35) 30%         6
 Call Canine Familiar     Summ           9%         N/A       32%         3
 Confusing Touch          Hex            9%         N/A       32%         3
 Dazzling Flash           Conj/Hex       18%        N/A       32%         3
 Passwall                 Erth           9%         N/A       32%         3
 Sigil of Binding         Hex            9%         N/A       32%         3
 Stone Arrow              Conj/Erth      18%        3d8       32%         3
 Summon Ice Beast         Ice/Summ       9%         N/A       32%         3
 Anguish                  Hex/Necr       8%         N/A       50%         4
 Curse of Agony           Necr           23%        N/A       63%         5
 Cause Fear               Hex            4%         N/A       65%         4
 Olgreb's Toxic Radiance  Alch           9%         N/A       65%         4
 Silence                  Hex/Air        9%         N/A       71%         5
 Fireball                 Conj/Fire      4%         3d4       91%         5
 Summon Mana Viper        Hex/Summ       9%         N/A       91%         5
 Yara's Violent Unravell  Hex/Alch       4%         3d4       91%         5
 Permafrost Eruption      Ice/Erth       4%         2x4d2     100%        6
 Enfeeble                 Hex            4%         N/A       100%        7
 Haunt                    Necr/Summ      8%         N/A       100%        7
 Monstrous Menagerie      Summ           4%         N/A       100%        7
 Rimeblight               Ice/Necr       8%         2d4       (prima100%   7
 Fulsome Fusillade        Conj/Alch      4%         (3-5)d5   100%        8
 Dragon's Call            Summ           4%         N/A       100%        9
 Fire Storm               Conj/Fire      4%         8d1       100%        9


Dungeon Overview and Level Annotations

Branches:
Dungeon (14/15)            Temple (1/1) D:4            Lair (5/5) D:8
 Shoals (0/4) Lair:3       Spider (0/4) Lair:3        Slime (5/5) Lair:4
    Orc (0/2) D:10         Bailey (visited)         Volcano (visited)
Gauntlet (visited)
 Vaults: D:13-14

Altars:
Ashenzari
Cheibriados
Dithmenos
Elyvilon
Fedhas
Gozag
Hepliaklqana
Kikubaaqudgha
Makhleb
Nemelex Xobeh
Okawaru
Qazlal
Ru
Sif Muna
Trog
Uskayaw
Vehumet
Wu Jian
Xom
Yredelemnul
Zin
The Shining One
Jiyva

Shops:
D:6 (   D:12 *

Annotations:
D:2 Sigmund
D:7 3 runed translucent doors
D:8 exclusion: downstairs
D:12 exclusion: downstairs
D:13 Rupert, Urug
Lair:3 exclusion: downstairs
Lair:4 exclusion: downstairs
Slime:5 Royal Jelly


Innate Abilities, Weirdness & Mutations

You have razor-sharp teeth.
Your natural rate of healing is unusually fast.
When hurt, damage is shared between your health and your magic reserves.
Your bite disrupts and absorbs the magic of your enemies.
Potions cannot restore your health.
You have a pair of horns on your head.
Your flesh is cold resistant. (rC+)
You passively map a small area around you.
Your spells are much harder to cast, but much more powerful.
Your pliable body absorbs attacks. (AC +2, EV +2)
Your translucent skin slightly reduces your foes' accuracy. (Stealth+)
You have a small jelly attached to you that senses nearby items.


Message History

You are too injured to fight recklessly!
You are too injured to fight recklessly!
You are too injured to fight recklessly!
You shake off some of the fire as you move.
The liquid fire burns you!
The centaur wields a +0 shortbow.
The centaur shoots an arrow.
The arrow hits you!
* * * LOW HITPOINT WARNING * * *
You barely miss the deep elf pyromancer.
You headbutt the deep elf pyromancer.
The deep elf pyromancer is almost dead.
The liquid fire burns you!
* * * LOW HITPOINT WARNING * * *
A centaur comes into view.
The deep elf pyromancer hits you but does no damage.
The centaur moves out of view.
You hit the deep elf pyromancer.
The deep elf pyromancer convulses.
Your headbutt misses the deep elf pyromancer.
Your bite misses the deep elf pyromancer.
The deep elf pyromancer is almost dead.
The liquid fire burns you!
* * * LOW HITPOINT WARNING * * *
The deep elf pyromancer gestures at you while chanting.
The bolt of fire hits you!!
* * * LOW HITPOINT WARNING * * *
You slash the deep elf pyromancer!
You kill the deep elf pyromancer!
The liquid fire burns you!
* * * LOW HITPOINT WARNING * * *
The centaur shoots an arrow.
The arrow completely misses you.
The centaur warrior wields a +0 orcbow.
The centaur warrior shoots an arrow.
The arrow hits you!
* * * LOW HITPOINT WARNING * * *
Jiyva says: Divide and consume!
Blink to where?
Press: ? - help, Dir - move target
As you read the scroll of blinking, it crumbles to dust.
The liquid fire burns you!
You die...
Jiyva sends a jelly to digest your remains.

.###.###.##.##...###c#
...<..........#cc....
,, #######.#####.c.#,
ß, ,, #.# ##c## ,, , *
#.# #§# , ,* #####
*#.# * #.# ,*., ,
..... ... #.# ...
########.# #.###...# ,
.>..[....#* #.@....#*
* , ##.#####.** *
#####...#, *, #.# * *
* ,ß...ß , ##.# * , .
*, ..#......# * * * ,
, ##.#####.# * *** .#
* ** ** * , .# *,, , ,
* * * * **## * ,,, , *
* *


You could see a centaur warrior and a centaur.

Vanquished Creatures
  A minotaur (Gauntlet)
  Josephine (D:13)
  2 hydras
  A catoblepas (Gauntlet)
  3 centaur warriors
  A two-headed ogre (D:12)
  14 death yaks
  6 skeletal warriors
  2 skysharks
  A swamp dragon (Lair:5)
  An orc knight (Bailey)
  A wolf spider (Lair:5)
  2 deep elf pyromancers
  2 ugly things (Volcano)
  3 cyclopes
  A manticore (D:11)
  3 centaur zombies (D:9)
  6 black mambas
  A guardian serpent (Lair:5)
  A smoke demon (Volcano)
  20 cane toads
  Maggie (Lair:2)
  A gargoyle (Gauntlet)
  A kobold demonologist (D:10)
  8 rime drakes
  6 komodo dragons
  Psyche (D:11)
  8 hornets
  A polar bear (Lair:1)
  3 trolls
  Grinder (D:6)
  18 blink frogs
  A dream sheep (Lair:3)
  7 meliai zombies (D:9)
  A shadow (D:9)
  14 wyverns
  70 yaks
  6 vampires
  Grum (D:9)
  5 wraiths
  5 basilisks
  2 steam dragons
  A redback (Lair:5)
  7 vampire mosquitoes (D:10)
  Menkaure (D:7)
  4 swamp worms (Gauntlet)
  3 acid dragons
  24 water moccasins
  4 swamp drakes (Lair:5)
  5 orc warriors
  3 sky beasts
  3 ice beasts (D:8)
  An ogre (D:6)
  2 laughing skulls (Gauntlet)
  15 wolves
  9 centaurs
  7 phantoms
  7 kobold brigands
  5 bullfrogs
  4 scorpions
  18 wights
  21 killer bees
  6 howler monkeys
  An electric eel (Lair:5)
  2 bombardier beetles
  3 hounds
  8 orc priests
  A sleepcap (D:6)
  Ijyb (D:3)
  A gnoll bouda (D:6)
  13 iguanas
  Natasha (thrice) (D:2)
  6 orc wizards
  Robin (D:3)
  10 gnolls
  7 adders
  A shadow imp (D:7)
  3 white imps
  A dart slug (D:2)
  2 ribbon worms (Lair:3)
  28 orcs
  7 ball pythons
  8 bats
  4 endoplasms
  4 giant cockroaches
  5 goblins
  9 hobgoblins
  3 quokkas
  3 frilled lizards
  27 kobolds
  6 rats
552 creatures vanquished.

Vanquished Creatures (collateral kills)
  A fire dragon (Lair:5)
  2 orc knights (Bailey)
  4 komodo dragons
  A tyrant leech (Gauntlet)
  4 dream sheep (Lair:3)
  5 yaks
  2 wraiths (D:13)
  A steam dragon (D:8)
  3 wolves (Lair:3)
  A kobold brigand (Bailey)
  A killer bee (D:8)
  An orc wizard (D:8)
  A ribbon worm (Lair:3)
  A giant cockroach (Lair:3)
28 creatures vanquished.

Vanquished Creatures (others)
  A glowing orange brain (Gauntlet)
  An ugly thing (D:13)
  An orc sorcerer (Volcano)
  A yak (D:8)
  2 water moccasins (Lair:5)
  2 bullfrogs
  A wight (D:9)
  A killer bee (D:9)
  49 jellies
  4 orc priests
  3 hounds
  An iguana (D:4)
  4 orc wizards
  A ribbon worm (D:4)
  9 orcs
  2 endoplasms
  A kobold (D:4)
84 creatures vanquished.

Grand Total: 664 creatures vanquished

Notes
Turn   | Place    | Note
-------+----------+-------------------------------------------
     0 | D:1      | Autsider the Vine Stalker Warper began the quest for the
                  | Orb.
     0 | D:1      | Reached XP level 1. HP: 11/11 MP: 4/4
   216 | D:1      | Reached skill level 2 in Fighting
   323 | D:1      | Reached skill level 1 in Stealth
   323 | D:1      | Reached XP level 2. HP: 15/15 MP: 4/6
  1090 | D:2      | Reached XP level 3. HP: 18/18 MP: 7/7
  1194 | D:2      | Noticed Natasha
  1205 | D:2      | Killed Natasha
  1206 | D:2      | Reached XP level 4. HP: 23/23 MP: 8/8
  1217 | D:2      | Noticed Natasha
  1234 | D:2      | Killed Natasha
  1584 | D:2      | Reached skill level 3 in Fighting
  1584 | D:2      | Reached XP level 5. HP: 7/28 MP: 3/9
  1818 | D:2      | Noticed Natasha
  1826 | D:2      | Killed Natasha
  1930 | D:2      | Noticed Sigmund
  1965 | D:3      | Noticed Ijyb
  1965 | D:3      | Noticed Robin
  2049 | D:2      | Reached XP level 6. HP: 25/32 MP: 7/10
  2439 | D:3      | Found a faded altar of an unknown god.
  2442 | D:3      | Prayed at the altar of an unknown god.
  2442 | D:3      | Became a worshipper of Jiyva Juoham the Shapeless
  2442 | D:3      | Reached * piety under Jiyva
  2515 | D:3      | Found a blossoming altar of Fedhas.
  2526 | D:3      | Identified the +9 dagger of Autsider's Terror {freeze,
                  | *Corrode rC+++ Int+3 Stlth+}
  2560 | D:3      | Reached skill level 4 in Fighting
  2675 | D:3      | Reached ** piety under Jiyva
  2679 | D:3      | Paralysed by Ijyb for 3 turns
  2685 | D:3      | Killed Ijyb
  2775 | D:3      | Killed Robin
  3030 | D:4      | Identified the +0 robe of Eternal Vigilance {-Cast +Inv rF-
                  | Dex+6}
  3120 | D:4      | Reached XP level 7. HP: 37/37 MP: 10/12
  3180 | D:4      | Reached *** piety under Jiyva
  3248 | D:4      | Gained mutation: You have sharp toenails. [Jiyva's grace]
  3248 | D:4      | Gained mutation: You have razor-sharp toenails. [Jiyva's
                  | grace]
  3248 | D:4      | Gained mutation: You have claws for feet. [Jiyva's grace]
  3248 | D:4      | Gained mutation: You are covered in slimy tendrils that may
                  | disarm your opponents. [Jiyva's grace]
  3473 | D:4      | Found a staircase to the Ecumenical Temple.
  3935 | Temple   | Entered the Ecumenical Temple
  3962 | D:5      | Entered Level 5 of the Dungeon
  3984 | D:5      | Found an opulent altar of Gozag.
  4082 | D:5      | Reached **** piety under Jiyva
  4188 | D:5      | You fall into a shaft and drop 3 floors!
  4395 | D:7      | Reached skill level 5 in Fighting
  4395 | D:7      | Reached skill level 5 in Short Blades
  4395 | D:7      | Gained mutation: You have razor-sharp teeth. [Vine Stalker
                  | growth]
  4395 | D:7      | Reached XP level 8. HP: 34/43 MP: 10/14
  4408 | D:7      | Found a runed translucent door.
  4408 | D:7      | Found a runed translucent door.
  4408 | D:7      | Found a runed translucent door.
  4408 | D:7      | Noticed a white ugly thing
  4408 | D:7      | Noticed a manticore
  4408 | D:7      | Noticed a shadow
  4408 | D:7      | Noticed a gargoyle
  4408 | D:7      | Noticed a cyclops
  4678 | D:5      | Reached skill level 6 in Fighting
  5176 | D:6      | Noticed a hornet
  5179 | D:6      | Paralysed by a hornet for 2 turns
  5182 | D:6      | Killed a hornet
  5183 | D:6      | Reached skill level 7 in Fighting
  5183 | D:6      | Reached XP level 9. HP: 31/50 MP: 13/16
  5306 | D:6      | Found Agaam's Antique Weapon Boutique.
  5415 | D:6      | Lost mutation: You have claws for feet. [Jiyva's grace]
  5415 | D:6      | Gained mutation: You have a small jelly attached to you
                  | that senses nearby items. [Jiyva's grace]
  5415 | D:6      | Gained mutation: Your melee attacks may engulf your foes in
                  | ooze. [Jiyva's grace]
  5415 | D:6      | Gained mutation: You have a pair of small horns on your
                  | head. [Jiyva's grace]
  5415 | D:6      | Gained mutation: You have a pair of horns on your head.
                  | [Jiyva's grace]
  5763 | D:6      | Noticed Grinder
  5772 | D:6      | Killed Grinder
  6046 | D:7      | Reached skill level 8 in Fighting
  6156 | D:7      | Noticed Menkaure
  6161 | D:7      | Killed Menkaure
  6465 | D:8      | Noticed a hornet
  6501 | D:9      | Noticed a hornet
  6519 | D:8      | Reached ***** piety under Jiyva
  6519 | D:8      | Found a bloodstained altar of Trog.
  6546 | D:8      | Found a sacrificial altar of Ru.
  6555 | D:8      | Learned a level 2 spell: Blink
  6560 | D:8      | Learned a level 4 spell: Vhi's Electric Charge
  6673 | D:8      | Reached XP level 10. HP: 57/57 MP: 17/17
  6679 | D:8      | Reached skill level 1 in Air Magic
  6695 | D:8      | Found a staircase to the Lair.
  6783 | D:8      | Reached skill level 9 in Fighting
  7004 | D:9      | Reached skill level 5 in Translocations
  7135 | D:8      | Reached XP level 11. HP: 43/61 MP: 12/18
  7269 | D:9      | Reached skill level 10 in Fighting
  7310 | D:9      | Reached skill level 10 in Short Blades
  7340 | D:9      | Paralysed by a hornet for 2 turns
  7390 | D:9      | Lost mutation: You have a pair of horns on your head.
                  | [Jiyva's grace]
  7390 | D:9      | Lost mutation: You have a small jelly attached to you that
                  | senses nearby items. [Jiyva's grace]
  7390 | D:9      | Gained mutation: You have a pair of horns on your head.
                  | [Jiyva's grace]
  7390 | D:9      | Gained mutation: You have a pair of large horns on your
                  | head. [Jiyva's grace]
  7390 | D:9      | Gained mutation: Armour fits poorly on your pseudopods.
                  | [Jiyva's grace]
  7390 | D:9      | Gained mutation: Armour fits poorly on your large
                  | pseudopods. [Jiyva's grace]
  7647 | D:9      | Reached skill level 5 in Spellcasting
  7830 | D:9      | Identified the +8 war axe of Haotz {pain, ^Drain rC+++
                  | Int-3 Dex+3}
  7830 | D:9      | Noticed a skeletal warrior
  7921 | Lair:1   | Entered Level 1 of the Lair of Beasts
  8072 | Lair:1   | Reached XP level 12. HP: 61/69 MP: 19/22
  8125 | Lair:1   | Reached skill level 11 in Fighting
  8497 | Lair:1   | Learned a level 3 spell: Fugue of the Fallen
  8892 | Lair:2   | Noticed a seven-headed hydra
  8900 | Lair:2   | Killed a seven-headed hydra
  8979 | Lair:2   | Reached skill level 5 in Stealth
  8991 | Lair:2   | Reached ****** piety under Jiyva
  9230 | Lair:2   | Noticed Maggie
  9238 | Lair:2   | Killed Maggie
  9684 | Lair:2   | Reached skill level 12 in Fighting
  9684 | Lair:2   | Reached XP level 13. HP: 70/75 MP: 24/26
  9771 | Lair:3   | Found a staircase to the Shoals.
  9782 | Lair:3   | Found a hole to the Spider Nest.
 10012 | Lair:3   | Found a gate leading to a gauntlet.
 10021 | Gauntlet | Entered a Gauntlet
 10021 | Gauntlet | Lost mutation: You have a pair of large horns on your head.
                  | [Jiyva's grace]
 10021 | Gauntlet | Lost mutation: Your melee attacks may engulf your foes in
                  | ooze. [Jiyva's grace]
 10021 | Gauntlet | Gained mutation: You have a small jelly attached to you
                  | that senses nearby items. [Jiyva's grace]
 10021 | Gauntlet | Gained mutation: Your flesh is cold resistant. (rC+)
                  | [Jiyva's grace]
 10021 | Gauntlet | Gained mutation: Your flesh is very cold resistant. (rC++)
                  | [Jiyva's grace]
 10021 | Gauntlet | Gained mutation: Your flesh is almost immune to the effects
                  | of cold. (rC+++) [Jiyva's grace]
 10021 | Gauntlet | Found a transporter.
 10021 | Gauntlet | Found a transporter.
 10025 | Gauntlet | Found a transporter.
 10026 | Gauntlet | Found a transporter.
 10027 | Gauntlet | Found a large runed translucent door.
 10028 | Gauntlet | Found a transporter.
 10028 | Gauntlet | Found a transporter.
 10028 | Gauntlet | Found a large runed translucent door.
 10029 | Gauntlet | Found a large runed translucent door.
 10029 | Gauntlet | Found a large runed translucent door.
 10029 | Gauntlet | Found a runed translucent door.
 10029 | Gauntlet | Found a runed translucent door.
 10030 | Gauntlet | Found a large runed translucent door.
 10030 | Gauntlet | Found a large runed translucent door.
 10030 | Gauntlet | Found a large runed translucent door.
 10030 | Gauntlet | Found a large runed translucent door.
 10031 | Gauntlet | Found a large runed translucent door.
 10031 | Gauntlet | Found a large runed translucent door.
 10032 | Gauntlet | Found a large runed translucent door.
 10032 | Gauntlet | Found a large runed translucent door.
 10033 | Gauntlet | Found a runed translucent gate.
 10033 | Gauntlet | Found a runed translucent gate.
 10033 | Gauntlet | Found a runed translucent gate.
 10035 | Gauntlet | Found a transporter.
 10039 | Gauntlet | Found a transporter.
 10049 | Gauntlet | Found a transporter.
 10055 | Gauntlet | Found a transporter.
 10073 | Gauntlet | Found a transporter.
 10077 | Gauntlet | Found a transporter.
 10144 | Gauntlet | Found a large runed translucent door.
 10144 | Gauntlet | Found a large runed translucent door.
 10147 | Gauntlet | Found a large runed translucent door.
 10147 | Gauntlet | Found a large runed translucent door.
 10345 | Gauntlet | Identified the ring "Namut" {Wiz Fly rElec rPois}
 10350 | Gauntlet | Identified the +2 leather armour of Syahoz {+Inv Str+4
                  | Int-4 Dex+2}
 10398 | Gauntlet | Noticed a minotaur
 10413 | Gauntlet | Killed a minotaur
 11014 | Lair:3   | Learned a level 2 spell: Lesser Beckoning
 11018 | Lair:3   | Learned a level 3 spell: Swiftness
 11328 | Lair:4   | Found a staircase to the Slime Pits.
 11432 | Lair:4   | Reached skill level 5 in Dodging
 11444 | Lair:4   | Reached skill level 10 in Translocations
 11488 | Lair:4   | Found a dark tunnel.
 11495 | Volcano  | Entered a volcano
 11615 | Volcano  | Lost mutation: You have razor-sharp toenails. [Jiyva's
                  | grace]
 11615 | Volcano  | Lost mutation: Your flesh is almost immune to the effects
                  | of cold. (rC+++) [Jiyva's grace]
 11615 | Volcano  | Lost mutation: You have a small jelly attached to you that
                  | senses nearby items. [Jiyva's grace]
 11615 | Volcano  | Gained mutation: Your translucent skin slightly reduces
                  | your foes' accuracy. (Stealth+) [Jiyva's grace]
 11615 | Volcano  | Gained mutation: Your translucent skin reduces your foes'
                  | accuracy. (Stealth+) [Jiyva's grace]
 11615 | Volcano  | Gained mutation: Your transparent skin significantly
                  | reduces your foes' accuracy. (Stealth+) [Jiyva's grace]
 11615 | Volcano  | Gained mutation: Your rubbery body absorbs attacks. (AC +1,
                  | EV +1) [Jiyva's grace]
 11763 | Lair:4   | Reached skill level 13 in Fighting
 11800 | Lair:4   | Reached XP level 14. HP: 82/82 MP: 27/27
 11832 | Lair:4   | Identified the +12 war axe "Xadeddou" {distort, +Blink
                  | Will+}
 12091 | Lair:5   | Entered Level 5 of the Lair of Beasts
 12419 | Lair:5   | Identified the +7 rapier of the Unspeakable One {freeze,
                  | rC+ Str+4}
 12526 | Lair:5   | Reached skill level 14 in Fighting
 12691 | Lair:5   | Identified the +4 dire flail of Irrepressible Laughter
                  | {antimagic, *Slow rF+ Will++}
 12770 | Lair:5   | Identified the +0 helmet of the Oily God {rElec rC+}
 12957 | Lair:5   | Lost mutation: You have sharp toenails. [Jiyva's grace]
 12957 | Lair:5   | Lost mutation: Your transparent skin significantly reduces
                  | your foes' accuracy. (Stealth+) [Jiyva's grace]
 12957 | Lair:5   | Gained mutation: Your pliable body absorbs attacks. (AC +2,
                  | EV +2) [Jiyva's grace]
 12957 | Lair:5   | Gained mutation: Your gelatinous body deflects attacks. (AC
                  | +3, EV +3) [Jiyva's grace]
 12957 | Lair:5   | Gained mutation: Your spells are a little harder to cast,
                  | but a little more powerful. [Jiyva's grace]
 12957 | Lair:5   | Gained mutation: Your spells are harder to cast, but more
                  | powerful. [Jiyva's grace]
 13463 | Slime:1  | Entered Level 1 of the Pits of Slime
 13483 | Slime:1  | Noticed an acid blob
 13547 | Slime:1  | Noticed an acid blob
 13549 | Slime:1  | Noticed an azure jelly
 13550 | Slime:1  | Noticed a quicksilver ooze
 13726 | Slime:1  | Noticed a rockslime
 13809 | Slime:2  | Noticed an acid blob
 13833 | Slime:3  | Noticed an acid blob
 13839 | Slime:4  | Noticed a quicksilver ooze
 13841 | Slime:4  | Noticed a rockslime
 13846 | Slime:5  | Entered Level 5 of the Pits of Slime
 13865 | Slime:5  | Noticed the Royal Jelly
 13865 | Slime:5  | Noticed a quicksilver ooze
 13866 | Slime:5  | Noticed an acid blob
 13866 | Slime:5  | Noticed an acid blob
 13867 | Slime:5  | Found a viscous altar of Jiyva.
 13867 | Slime:5  | Noticed a quicksilver ooze
 13868 | Slime:5  | Noticed an acid blob
 13869 | Slime:5  | Noticed an acid blob
 13873 | Slime:5  | Identified the +7 broad axe of the Grinning Gods {protect,
                  | Str+3}
 13876 | Slime:5  | Noticed an azure jelly
 13888 | Slime:5  | Noticed an acid blob
 13895 | Slime:5  | Identified the ring of Eternity {*Slow Fly rN+ Dex+4}
 13898 | Slime:5  | Noticed an acid blob
 13903 | Slime:5  | Found the +13 sword of the Doom Knight {doom -Cast ^Drain
                  | Will+}
 13918 | Slime:5  | Got the Compilation of Bolts and Glaciation
 13919 | Slime:5  | Identified the ring of Untruth {+Blink rPois rC+}
 13928 | Slime:5  | Got the Folio of Chemistry and Last Rites
 13930 | Slime:5  | Got a starry gem with 135 turns to spare
 13933 | Slime:5  | Got a slimy rune of Zot
 13941 | Slime:5  | Identified the +3 leather armour of Letonied {rF+}
 14139 | Slime:5  | Noticed an acid blob
 14602 | D:9      | Noticed Grum
 14613 | D:9      | Killed Grum
 14614 | D:9      | Reached skill level 1 in Evocations
 14622 | D:9      | Reached skill level 1 in Long Blades
 14791 | D:10     | Entered Level 10 of the Dungeon
 15096 | D:10     | Found a radiant altar of Vehumet.
 15111 | D:10     | Reached XP level 15. HP: 85/88 MP: 28/28
 15288 | D:10     | Found a staircase to the Orcish Mines.
 15310 | D:10     | Found a flagged portal.
 15319 | Bailey   | Entered a bailey
 15387 | Bailey   | Found a burning altar of Makhleb.
 15499 | D:10     | Found a snail-covered altar of Cheibriados.
 15890 | D:11     | Lost mutation: Your flesh is very cold resistant. (rC++)
                  | [Jiyva's grace]
 15890 | D:11     | Lost mutation: Your flesh is cold resistant. (rC+) [Jiyva's
                  | grace]
 15890 | D:11     | Lost mutation: Your gelatinous body deflects attacks. (AC
                  | +3, EV +3) [Jiyva's grace]
 15890 | D:11     | Lost mutation: Armour fits poorly on your large pseudopods.
                  | [Jiyva's grace]
 15890 | D:11     | Lost mutation: Your translucent skin reduces your foes'
                  | accuracy. (Stealth+) [Jiyva's grace]
 15890 | D:11     | Gained mutation: You passively map a small area around you.
                  | [Jiyva's grace]
 15890 | D:11     | Gained mutation: You passively map the area around you.
                  | [Jiyva's grace]
 15890 | D:11     | Gained mutation: You passively map a large area around you.
                  | [Jiyva's grace]
 15890 | D:11     | Gained mutation: You have a pair of large horns on your
                  | head. [Jiyva's grace]
 16255 | D:11     | Noticed Psyche
 16262 | D:11     | Killed Psyche
 16402 | D:11     | Reached skill level 15 in Fighting
 16585 | D:12     | Found Cidgh's Blood Bar.
 16631 | D:12     | Reached skill level 1 in Armour
 16828 | D:12     | Reached skill level 1 in Necromancy
 17454 | D:13     | Noticed Josephine
 17465 | D:13     | Killed Josephine
 17765 | D:13     | Noticed Urug
 17765 | D:13     | Noticed Rupert
 17769 | D:13     | You are sucked into a shaft and drop 1 floor!
 17837 | D:14     | Lost mutation: You have a pair of large horns on your head.
                  | [Jiyva's grace]
 17837 | D:14     | Lost mutation: You passively map a large area around you.
                  | [Jiyva's grace]
 17837 | D:14     | Lost mutation: You passively map the area around you.
                  | [Jiyva's grace]
 17837 | D:14     | Lost mutation: Your spells are harder to cast, but more
                  | powerful. [Jiyva's grace]
 17837 | D:14     | Lost mutation: Armour fits poorly on your pseudopods.
                  | [Jiyva's grace]
 17837 | D:14     | Lost mutation: You are covered in slimy tendrils that may
                  | disarm your opponents. [Jiyva's grace]
 17837 | D:14     | Gained mutation: You have a small jelly attached to you
                  | that senses nearby items. [Jiyva's grace]
 17837 | D:14     | Gained mutation: Your spells are harder to cast, but more
                  | powerful. [Jiyva's grace]
 17837 | D:14     | Gained mutation: Your spells are much harder to cast, but
                  | much more powerful. [Jiyva's grace]
 17837 | D:14     | Gained mutation: Your flesh is cold resistant. (rC+)
                  | [Jiyva's grace]
 17854 | D:14     | HP: 4/90 [burnt (13)]
 17855 | D:14     | Incinerated by a deep elf pyromancer

Illustrated notes

Levels and vault maps discovered:
D:1:      lightli_arrival_noodles, layout_basic
D:2:      layout_rooms, glass_columns_a, uniq_natasha, uniq_sigmund
D:3:      layout_loops_ring, mainiacjoe_overflow_chevrons,
          shapermc_ecumenical_altar_mp_vishouse, skrybe_limestone_x,
          nicolae_goblin_pals, uniq_ijyb
D:4:      layout_basic, minmay_temple_entry_mini_moons, kennysheep_pointless_box
D:5:      layout_gridville, mainiacjoe_overflow_concentric_impassable
D:6:      layout_gridville, serial_shops, nicolae_shop_scrapyard, minivault_22,
          st_stairs_12, uniq_grinder
D:7:      minmay_the_grid_triangle_9x9_rhombus_full
          [minmay_the_grid_triangle_9x9_windchime,
          minmay_the_grid_triangle_9x9_steps,
          minmay_the_grid_triangle_9x9_wacky_v,
          minmay_the_grid_triangle_9x9_fully_insulated_deathbox,
          minmay_the_grid_triangle_9x9_corruption,
          minmay_the_grid_triangle_9x9_flanged_cone,
          minmay_the_grid_triangle_9x9_zippers_vertical,
          minmay_the_grid_triangle_9x9_prize_center], layout_loops_ring,
          uniq_menkaure
D:8:      layout_rooms, mainiacjoe_overflow_catch_the_wave,
          hellmonk_lair_entry_icy, kennysheep_generic_room_2
D:9:      bobbens_index_wilting_gardens, layout_cave_pools, uniq_grum
D:10:     nicolae_BIG_FREAKIN_CUBE, layout_irregular_city,
          amcnicky_altar_gilded, mainiacjoe_overflow_24_doors, orc_0_dummy,
          enter_bailey_2, amcnicky_mini_rare_corridor_liquid
D:11:     layout_basic, uniq_psyche
D:12:     layout_basic, guppyfry_shop_blood
D:13:     layout_gridville, portal_ice_cave_demonic_guard, uniq_urug,
          uniq_rupert, uniq_jorgrun, uniq_josephine
D:14:     layout_loops_ring, erik_vaults_2, minmay_misc_feat_four_crosses
Temple:   regret_index_temple_sphere_string
Lair:1:   layout_cave_shapes, serial_bayou_crossing
Lair:2:   layout_cave_pods, st_stairs_7, grunt_megastairs_1, uniq_maggie
Lair:3:   layout_cave_pods, mainiacjoe_shoals_entry_four_pools,
          nicolae_spider_entry_non_spiders, gauntlet_entry_generic,
          infiniplex_staircase_pool, serial_bayou_shore_b
Lair:4:   layout_cave_shapes, slime_entry_1, nicolae_volcano_entry_two_sided,
          lemuel_fruit_fields
Lair:5:   guppyfry_lair_end_dragon, layout_gridlike,
          hangedman_lair_tendril_chambers, minmay_stone_trees_small,
          lemuel_fruit_fields, lemuel_fruit_tree, serial_bayou_shore_b,
          serial_bayou_shore_a
Slime:1:  layout_caves
Slime:2:  layout_caves
Slime:3:  layout_caves, nicolae_slime_welcoming_committee
Slime:4:  nicolae_slime_pool, layout_caves
Slime:5:  slime_pit_nicolae_amoeboid

Skill      XL: |  1  2  3  4  5  6  7  8  9 10 11 12 13 14 15 |
---------------+----------------------------------------------+-----
Fighting       | 2 3 4 5 7 8 9 10 12 13 14 15 | 15.0
Short Blades   | 2 3 4 5 7 8 9 10 11 13 | 13.5
Stealth        | 1 2 3 4 5 |  5.0
Spellcasting   | 3 4 6 8 |  8.0
Air Magic      | 3 4 |  4.0
Translocations | 5 7 8 10 | 10.0
Dodging        | 3 5 |  5.0
Evocations     | 2 4 |  4.4
Long Blades    | 2 4 |  4.4
Armour         | 2 |  2.4
Necromancy     | 2 |  2.6
Throwing       | |  0.8

Action                     |  1- 3 |  4- 6 |  7- 9 | 10-12 | 13-15 || total
---------------------------+-------+-------+-------+-------+-------++-------
  Melee: Short sword       |   113 |   194 |       |       |       ||   307
         Bite              |    31 |    70 |    34 |   184 |   501 ||   820
         Dagger            |       |    25 |   151 |   523 |   229 ||   928
         Kick              |       |       |    39 |   205 |   369 ||   613
         Headbutt          |       |       |     8 |   134 |   334 ||   476
         Pseudopods        |       |       |       |    88 |   337 ||   425
         Quick blade       |       |       |       |       |   665 ||   665
         Great sword       |       |       |       |       |   280 ||   280
   Cast: Vhi's Electric Ch |       |       |       |     1 |     4 ||     5
         Swiftness         |       |       |       |       |     3 ||     3
 Invoke: Oozemancy         |       |       |     2 |       |     2 ||     4
         Slimify           |       |       |       |       |     1 ||     1
  Evoke: Wand              |       |       |       |     2 |     3 ||     5
    Use: Scroll            |     1 |       |       |     5 |    16 ||    22
   Stab: Sleeping          |     1 |     4 |    10 |     5 |    22 ||    42
         Distracted        |       |       |       |     1 |     1 ||     2
         Invisible         |       |       |       |       |     1 ||     1
 Armour: Leather armour    |    64 |   132 |    63 |   324 |       ||   583
         Steam dragon scal |       |       |    16 |    33 |   564 ||   613
  Dodge: Dodged            |    74 |    91 |    47 |   201 |   737 ||  1150

Table legend: (Time is in decaauts)
 A = Elapsed time spent in this place.
 B = Non-inter-level travel time spent in this place.
 C = Inter-level travel time spent in this place.
 D = Time resting spent in this place.
 E = Time spent auto-exploring this place.
 F = Levels seen in this place.
 G = Mean time per level.
                   A        B        C        D        E       F      G
               +--------+--------+--------+--------+--------+-----+--------+
         Total |  17365 |  16329 |   1036 |    452 |  10812 |  28 |  620.2 |
       Dungeon |  11055 |  10455 |    600 |    368 |   7122 |  14 |  789.6 |
        Temple |      1 |      1 |      0 |      0 |      0 |   1 |    1.0 |
          Lair |   4550 |   4221 |    329 |     35 |   2619 |   5 |  910.0 |
    Slime Pits |    920 |    814 |    106 |      0 |    762 |   5 |  184.0 |
        Bailey |    145 |    145 |      0 |      0 |     44 |   1 |  145.0 |
       Volcano |    211 |    211 |      0 |     17 |     54 |   1 |  211.0 |
      Gauntlet |    481 |    481 |      0 |     32 |    211 |   1 |  481.0 |
               +--------+--------+--------+--------+--------+-----+--------+

Top non-repeatable levels by time:
     D:2: 1257 daAuts
  Lair:5: 1179 daAuts
     D:9: 1112 daAuts
  Lair:3: 1061 daAuts
     D:7: 1003 daAuts
     D:4: 979 daAuts
     D:1: 941 daAuts
    D:12: 930 daAuts
  Lair:2: 868 daAuts
    D:11: 825 daAuts
  Lair:1: 793 daAuts
    D:10: 783 daAuts
     D:5: 759 daAuts
     D:3: 747 daAuts
     D:6: 688 daAuts
